 Dungeon Crawl Stone Soup version 0.30.0-16-gbe6223bb7e (webtiles) character file.

Game seed: 13762651646974609585

111 monsoonserge the Slasher (level 4, -11/37 (38) HPs)
             Began as a Barachi Chaos Knight on May 21, 2023.
             Was a Plaything of Xom.
             Killed by nerve-wracking pain
             ... invoked by an orc priest
              (12 damage)
             ... on level 3 of the Dungeon.
             The game lasted 00:08:35 (2168 turns).

monsoonserge the Slasher (Barachi Chaos Knight)     Turns: 2168, Time: 00:08:35

HP:   -11/37 (38)   AC:  8    Str: 13    XL:     4   Next: 92%
MP:   4/4           EV: 11    Int: 12    God:    Xom [.*....]
Gold: 167           SH:  0    Dex: 14    Spells: 3/3 levels left

rFire   . . .        a - +0 falchion (chaos)
rCold   . . .        (no shield)
rNeg    . . .        b - +2 leather armour
rPois   .            (no helmet)
rElec   .            (no cloak)
rCorr   .            p - +2 pair of gloves
SInv    .            (no boots)
Will    .....        (no amulet)
Stlth   +            (no ring)
HPRegen 0.26/turn    (no ring)
MPRegen 0.09/turn

%: no passive effects
@: death channelling, unable to hop, lightly drained, unable to drink, slow
A: amphibious, slowness 1, strong legs 1, +LOS, subdued magic 1, inability to
drink after injury 1
a: Hop, Renounce Religion


You were on level 3 of the Dungeon.
You worshipped Xom.
You were a plaything of Xom.
You visited 1 branch of the dungeon, and saw 3 of its levels.

You collected 167 gold pieces.

Inventory:

Hand Weapons
 a - a +0 falchion of chaos (weapon)
Armour
 b - a +2 leather armour (worn)
 p - a +2 pair of gloves (worn)
Magical Staves
 f - a staff of fire
Scrolls
 d - 2 scrolls of teleportation {unknown}
 e - 2 scrolls of brand weapon {unknown}
 j - a scroll of fog {unknown}
 k - a scroll of fear {unknown}
 l - a scroll of magic mapping {unknown}
 m - 4 scrolls of identify {unknown}
 r - a scroll of enchant weapon {unknown}
Potions
 g - a potion of haste {unknown}
 h - a potion of cancellation {unknown}
 i - 4 potions of curing {unknown}
 n - a potion of berserk rage {unknown}
 o - 2 potions of ambrosia {unknown}
 q - a potion of magic {unknown}
Miscellaneous
 c - a piece from Xom's chessboard (13/15) (quivered)


   Skills:
 + Level 4.4 Fighting
 + Level 5.1 Long Blades
 + Level 2.8 Armour
 + Level 1.8 Dodging
 + Level 0.7 Stealth
 - Level 1.0 Evocations


You had 3 spell levels left.
You didn't know any spells.
Your spell library was empty.

Dungeon Overview and Level Annotations

Branches:
Dungeon (3/15)

Altars:


Innate Abilities, Weirdness & Mutations

You are amphibious.
You cover ground slowly.
You can hop short distances.
You have an extended range of vision and can be seen from far away.
Your spells are a little easier to cast, but a little less powerful.
You occasionally lose the ability to drink potions when taking damage.


Message History

The orc priest misses you.
A kobold comes into view.
It is wielding a +0 dagger and quivering poisoned darts.
The orc hits you but does no damage. x2
You barely miss the orc priest.
The orc priest is moderately wounded.
The orc hits you but does no damage. The orc priest barely misses you.
The orc hits you but does no damage.
Your spectral kobold closely misses the orc.
You barely miss the orc priest.
The orc priest is moderately wounded.
The orc priest looks braver for a moment.
The orc closely misses you. The orc hits you with a +0 hand axe.
* * * LOW HITPOINT WARNING * * *
Your spectral kobold hits the orc.
You hit the orc priest. You burn the orc priest. You punch the orc priest.
The orc priest is heavily wounded.
The orc barely misses you.
The orc priest casts a cantrip, but nothing happens.
The orc completely misses you.
Your spectral kobold misses the orc.
You hit the orc priest. You burn the orc priest.
The orc priest is severely wounded.
The orc hits you but does no damage.
The orc priest mumbles some strange prayers to Beogh against you.
Pain shoots through your body!
* * * LOW HITPOINT WARNING * * *
The orc hits you with a +0 dagger.
* * * LOW HITPOINT WARNING * * *
The frilled lizard bites you but does no damage.
Your spectral kobold hits the orc but does no damage.
Hop to where?
Press: ? - help, Dir - move target Boing!
The orc hits your spectral kobold with a +0 dagger.
Your spectral kobold barely misses the orc priest.
The orc hits your spectral kobold but does no damage.
Your spectral kobold hits the orc priest.
The orc priest invokes the aid of Beogh against you.
Pain shoots through your body!
You die...
Xom titters!

#############
##.....#.....######
##..................
##...................
###.......)............
.....!.................
##..........<........
#....Z.ol.@.........
#...oKo.........#(.#
##.............## #
##.....#.....##
#...#########... ...##
.### ..## .# ... . .#.


You could see an orc priest (very drained, ally target), 2 orcs, a kobold, a
frilled lizard and a friendly spectral kobold.

Vanquished Creatures
  A gnoll (D:1)
  An adder (D:2)
  2 worms (D:2)
  3 dart slugs
  An orc (D:3)
  9 endoplasms
  6 giant cockroaches
  4 goblins
  8 hobgoblins
  6 jackals
  6 kobolds
  4 quokkas
  7 ball pythons
  6 bats
  2 frilled lizards
  5 rats
71 creatures vanquished.

Notes
Turn   | Place    | Note
-------+----------+-------------------------------------------
     0 | D:1      | monsoonserge the Barachi Chaos Knight began the quest for
                  | the Orb.
     0 | D:1      | Reached XP level 1. HP: 18/18 MP: 1/1
   145 | D:1      | Reached skill level 4 in Long Blades
   179 | D:1      | Reached XP level 2. HP: 20/25 MP: 2/2
   291 | D:1      | Reached XP level 3. HP: 21/30 MP: 3/3
   399 | D:1      | XOM: silly message
   835 | D:1      | XOM: give mutations
   835 | D:1      | Gained mutation: You occasionally lose the ability to drink
                  | potions when taking damage. [Xom's mischief]
   835 | D:1      | Gained mutation: Your skin changes colour to match your
                  | surroundings (Stealth+). [Xom's mischief]
   835 | D:1      | Gained mutation: Your spells are a little easier to cast,
                  | but a little less powerful. [Xom's mischief]
   952 | D:1      | XOM: cloud trail
  1013 | D:1      | XOM: give mutation
  1013 | D:1      | Lost mutation: Your skin changes colour to match your
                  | surroundings (Stealth+). [Xom's mischief]
  1015 | D:1      | XOM: draining
  1175 | D:2      | Reached XP level 4. HP: 34/34 MP: 4/4
  1324 | D:2      | XOM: enchant monster (bad)
  1436 | D:2      | XOM: butterfly on damage
  1531 | D:2      | XOM: noise
  1617 | D:2      | Reached skill level 5 in Long Blades
  1657 | D:2      | Reached skill level 1 in Evocations
  1983 | D:3      | Noticed an ogre
  1985 | D:3      | an ogre changed into a warg
  1985 | D:3      | Noticed a warg
  1985 | D:3      | XOM: polymorph ogre -> warg
  2159 | D:3      | XOM: cast spell 'Death Channel'
  2166 | D:3      | HP: 1/37 [orc/+0 dagger (2)]
  2168 | D:3      | Killed from afar by an orc priest

Illustrated notes

Levels and vault maps discovered:
D:1:      dpeg_arrival_windows_large_door, layout_loops_ring, chequers_jeans,
          minmay_heptomino_w4
D:2:      layout_basic, minmay_joined_circles
D:3:      layout_rooms, dreamdust_mushroom_princess, minmay_misc_feat_tower

Skill      XL: |  1  2  3  4 |
---------------+-------------+-----
Long Blades    | 4 5 |  5.1
Fighting       | 4 |  4.4
Evocations     | 1 |  1.0
Armour         | |  2.8
Dodging        | |  1.8
Stealth        | |  0.7

Action                     |  1- 3 |  4- 6 || total
---------------------------+-------+-------++-------
  Melee: Falchion          |   117 |   136 ||   253
         Punch             |     2 |     1 ||     3
Ability: Hop               |       |     3 ||     3
  Evoke: Piece from Xom's  |       |     2 ||     2
   Stab: Sleeping          |     1 |     1 ||     2
         Paralysed         |     1 |       ||     1
 Armour: Leather armour    |    49 |    69 ||   118
  Dodge: Dodged            |    78 |    98 ||   176
